 Dungeon Crawl Stone Soup version 0.28.0-45-g0d030f2227 (webtiles) character file.

Game seed: 8510315218967062740

56 zeratav the Insei (level 3, -3/23 HPs)
             Began as an Octopode Transmuter on Apr 7, 2022.
             Slain by an adder (4 damage)
             ... on level 2 of the Dungeon.
             The game lasted 00:02:19 (1821 turns).

zeratav the Insei (Octopode Transmuter)             Turns: 1821, Time: 00:02:20

Health: -3/23      AC:  1    Str:  9    XL:     3   Next: 95%
Magic:  6/6        EV: 13    Int: 15    God:
Gold:   7          SH:  0    Dex: 14    Spells: 5/6 levels left

rFire   . . .      SeeInvis .     - Unarmed
rCold   . . .      Faith    .   (no shield)
rNeg    . . .      Spirit   .   (helmet restricted)
rPois   .          Reflect  .   (no amulet)
rElec   .          Harm     .   (no ring)
rCorr   .          Rampage  .   (no ring)
Will    .....                   (no ring)
Stlth   +++.......              (no ring)
HPRegen 0.07/turn               (no ring)
MPRegen 0.10/turn               (no ring)
                                (no ring)
                                (no ring)

@: no status effects
A: almost no armour, amphibious, 8 rings, camouflage 1, gelatinous body 1,
(nimble swimmer 1), tentacles
a: no special abilities


You were on level 2 of the Dungeon.
You visited 1 branch of the dungeon, and saw 2 of its levels.

You collected 7 gold pieces.


Innate Abilities, Weirdness & Mutations

You cannot wear most types of armour.
You are amphibious.
You can wear up to eight rings at the same time.
Your skin changes colour to match your surroundings (Stealth+).
Your rubbery body absorbs attacks. (AC +1, EV +1)
((You are camouflaged when in or above water. (Stealth+)))
You have tentacles for arms and can constrict up to eight enemies at once.


   Skills:
 + Level 1.6 Fighting
 + Level 2.4 Dodging
 + Level 1.9 Stealth
 * Level 3.6 Unarmed Combat
 - Level 2.0 Spellcasting
 + Level 2.4 Transmutations


You had 5 spell levels left.
You knew the following spells:

 Your Spells              Type           Power      Damage    Failure   Level
a - Beastly Appendage     Tmut           16%        N/A       9%          1

Your spell library contained the following spells:

 Spells                   Type           Power      Damage    Failure   Level
 Wereblood                Tmut           8%         N/A       12%         2
 Sublimation of Blood     Necr           1%         N/A       32%         2
 Spider Form              Tmut/Pois      5%         N/A       38%         3
 Ice Form                 Ice/Tmut       5%         N/A       80%         4
 Petrify                  Tmut/Erth      5%         N/A       80%         4
 Irradiate                Conj/Tmut      2%         3d14      98%         5

Inventory:

Scrolls
 a - a scroll of identify {unknown}
Potions
 b - a potion of curing {unknown}
 c - a potion of haste {unknown}
 d - a potion of attraction {unknown}

Dungeon Overview and Level Annotations

Branches:
Dungeon (2/15)

Altars:

#..#...#.####.S.....
#......#.#...g>g.g..
#....).).#)#........
#.#......#)#........
#)#....#.#.#........
#######.#.#..#.#g#...#####
......#.#....#.#g#...#
.####.#.######.#S#...# ###
.#..#.#.#..#...#@#...# ..
.#..#.#.#..#.#.#.# .#####
.#........_#.#.#.# ###.#...#
.#..#.#.##.#.#.#.####.....#'#.#
......#....#.#.#.#.............
############.#.#......)..#.....
.........<...#.###.#.#.........
##############...#.#.#.###.....
#.........#.#.#.........


You could see 2 gnolls and an adder.


Message History

No target in view!
Your transformation is almost over.
Your tentacle spike disappears.
You pick up a book of Alchemy and begin reading...
You add the spells Sublimation of Blood, Petrify and Irradiate to your library.
HP[+2] MP[+1]
Your hp is fully restored (23).
Your mp is fully restored (6).
A kobold comes into view. It is wielding a +0 dagger.
One of your tentacles grows a vicious spike.
MP[-1]
You lost 1 mp, and now have 5/6 mp.
The kobold shouts!
A quokka comes into view.
You barely miss the kobold. You grab the kobold. You squeeze the kobold.
You constrict the kobold. The kobold closely misses you.
You tentacle-slap the kobold.
You kill the kobold!
Things that are here:
a +0 dagger {short}; a kobold corpse You tentacle-slap the quokka.
You grab the quokka.
You pierce the quokka.
You kill the quokka!
No target in view!
No target in view!
No target in view!
No target in view!
No target in view!
No target in view!
Your transformation is almost over.
A goblin comes into view. It is wielding a +0 dagger.
MP[+1]
Your mp is fully restored (6).
You extend your transformation's duration.
MP[-1]
You lost 1 mp, and now have 5/6 mp.
Your transformation is almost over.
The helpless goblin fails to defend itself.
You tentacle-slap the goblin.
You kill the goblin!
No target in view!
No target in view!
No target in view!
No target in view!
No target in view!
You see here a +0 dagger {short}.
Your tentacle spike disappears.
A gnoll comes into view. It is wielding a +0 whip.
Found a stone staircase leading down.
MP[+1]
Your mp is fully restored (6).
You miscast Beastly Appendage.
You are very lightly contaminated with residual magic.
Nothing appears to happen.
MP[-1]
You lost 1 mp, and now have 5/6 mp.
One of your tentacles grows a vicious spike.
MP[-1]
You lost 1 mp, and now have 4/6 mp.
An adder and 2 gnolls come into view.
The gnoll shouts! x3; You hear a shout!
A gnoll comes into view. It is wielding a +0 flail.
The adder hisses angrily.
Your magical contamination has completely faded away.
Your transformation is almost over.
The gnoll hits you with a +0 whip!
HP[-8] MP[+1]
You take 8 damage, and now have 15/23 hp.
MASSIVE DAMAGE!! (PAUSE)
You tentacle-slap the gnoll. Your grab misses the gnoll.
You pierce the gnoll.
You tentacle-slap the gnoll. Your squeeze misses the gnoll.
The gnoll barely misses you.
You closely miss the gnoll. Your grab misses the gnoll.
Your tentacle-slap misses the gnoll.
You squeeze the gnoll.
You kill the gnoll!
HP[+1]
The gnoll misses you.
Things that are here:
a +0 whip {mace}; a gnoll corpse You tentacle-slap the gnoll.
You grab the gnoll. You squeeze the gnoll! You constrict the gnoll.
The gnoll hits you with a +0 whip!
* * * LOW HITPOINT WARNING * * *
HP[-10]
You take 10 damage, and now have 6/23 hp.
MASSIVE DAMAGE!! (PAUSE)
You tentacle-slap the gnoll.
You kill the gnoll!
The adder closely misses you.
Your tentacle spike disappears.
The adder bites you.
* * * LOW HITPOINT WARNING * * *
You see here a +0 dagger {short}.
HP[-5] MP[+1]
You take 5 damage, and now have 1/23 hp.
MASSIVE DAMAGE!! (PAUSE)
Your mp is fully restored (6).
You barely miss the adder. You grab the adder.
You squeeze the adder, but do no damage.
You constrict the adder. The adder barely misses you.
You tentacle-slap the adder. You constrict the adder.
The adder bites you but does no damage. The adder bites you.
You die...

Skill      XL: |  1  2 |
---------------+-------+-----
Stealth        | 1 |  1.9
Fighting       | |  1.6
Dodging        | |  2.4
Unarmed Combat | |  3.6
Spellcasting   | |  2.0
Transmutations | |  2.4

Action                   || total
-------------------------++-------
Melee: Unarmed           ||    70
       Kick              ||    23
       Constrict         ||    22
       Tentacles         ||    11
       Punch             ||     4
 Cast: Beastly Appendage ||    22
 Stab: Sleeping          ||     4
Armor: Skin              ||     3
Dodge: Dodged            ||    38

Levels and vault maps discovered:
D:1:      dpeg_arrival_oval, layout_basic
D:2:      layout_basic, serial_curves, eino_curves_04, eino_curves_01,
          basic_ecumenical_altar, kennysheep_generic_room_9

Notes
Turn   | Place    | Note
-------+----------+-------------------------------------------
     0 | D:1      | zeratav the Octopode Transmuter began the quest for the
                  | Orb.
     0 | D:1      | Reached XP level 1. HP: 13/13 MP: 3/3
     0 | D:1      | magus.rc [v1.9.6]
   204 | D:1      | Reached XP level 2. HP: 15/18 MP: 3/5
   375 | D:1      | Reached skill level 1 in Stealth
  1209 | D:2      | Reached XP level 3. HP: 19/23 MP: 4/6
  1259 | D:2      | Found a faded altar of an unknown god.
  1763 | D:2      | You pick up a book of Alchemy and begin reading...
  1763 | D:2      | You add the spells Sublimation of Blood, Petrify and
                  | Irradiate to your library.
  1818 | D:2      | HP: 1/23 [adder (5)]
  1821 | D:2      | Slain by an adder

Vanquished Creatures
  2 gnolls (D:2)
  A dart slug (D:1)
  2 endoplasms (D:1)
  A giant cockroach (D:1)
  3 goblins
  5 hobgoblins
  2 jackals (D:1)
  2 quokkas
  5 ball pythons
  2 bats
  4 kobolds (D:2)
  A rat (D:1)
30 creatures vanquished.

Table legend:
 A = Non-vault XP
 B = Vault XP
 C = Vault XP percentage of total XP
 D = Non-vault monster count
 E = Vault monster count
 F = Vault count percentage of total count
                 A         B        C        D         E       F
            +---------+---------+-------+---------+---------+-------
      Total |      80 |       0 |   0.0 |      30 |       0 |   0.0
            +---------+---------+-------+---------+---------+-------
        D:1 |      31 |       0 |   0.0 |      17 |       0 |   0.0
        D:2 |      49 |       0 |   0.0 |      13 |       0 |   0.0
            +---------+---------+-------+---------+---------+-------

Illustrated notes

Table legend:
 A = Kills in this place as a percentage of kills in entire the game.
 B = Kills by you in this place as a percentage of kills by you in the entire game.
 C = Kills by friends in this place as a percentage of kills by friends in the entire game.
 D = Other kills in this place as a percentage of other kills in the entire game.
 E = Experience gained in this place as a percentage of experience gained in the entire game.
 F = Experience gained in this place divided by the number of levels of this place that you have seen.
                   A       B       C       D       E      F
               +-------+-------+-------+-------+-------+----------------------
         Total | 100.0 | 100.0 |   N/A |   N/A | 100.0 |  40.0
       Dungeon | 100.0 | 100.0 |   N/A |   N/A | 100.0 |  40.0
               +-------+-------+-------+-------+-------+----------------------

Table legend: (Time is in decaauts)
 A = Elapsed time spent in this place.
 B = Non-inter-level travel time spent in this place.
 C = Inter-level travel time spent in this place.
 D = Time resting spent in this place.
 E = Time spent auto-exploring this place.
 F = Levels seen in this place.
 G = Mean time per level.
                   A        B        C        D        E       F      G
               +--------+--------+--------+--------+--------+-----+--------+
         Total |   1816 |   1790 |     26 |      0 |   1589 |   2 |  908.0 |
       Dungeon |   1816 |   1790 |     26 |      0 |   1589 |   2 |  908.0 |
               +--------+--------+--------+--------+--------+-----+--------+

Top non-repeatable levels by time:
     D:1: 1160 daAuts
     D:2: 655 daAuts
